 Dungeon Crawl Stone Soup version 0.30-a0-358-g0d69a1922f (webtiles) character file.

Game seed: 12119660567243664506

1334 Angani the Grappler (level 8, -7/63 HPs)
             Began as a White Draconian Cinder Acolyte on Nov 8, 2022.
             Was a High Priest of Ignis.
             Collided with a small abomination (14 damage)
             ... caused by a wretched star
             ... on level 1 of the Abyss.
             The game lasted 00:10:19 (4949 turns).

Angani the Grappler (DrCA)                          Turns: 4949, Time: 00:10:20

Health: -7/63      AC:  7    Str: 17    XL:     8   Next: 35%
Magic:  12/12      EV: 11    Int: 16    God:    Ignis [*****.]
Gold:   334        SH:  0    Dex:  7    Spells: 11/13 levels left

rFire   + . .      SeeInvis .      - Unarmed
rCold   + . .      Faith    .    (no shield)
rNeg    . . .      Spirit   .    (body armour unavailable)
rPois   .          Reflect  .    i - +1 hat
rElec   .          Harm     .    (no cloak)
rCorr   .          Rampage  .    (no gloves)
Will    .....                    (no boots)
Stlth   +.........               (no amulet)
HPRegen 0.30/turn                (no ring)
MPRegen 0.13/turn                (no ring)

@: no status effects
A: breathe frost, AC +6, unfitting armour, cold resistance 1, cold-blooded,
screaming 1
a: Breathe Frost, Renounce Religion, Fiery Armour, Foxfire Swarm, Rising Flame


You were on level 1 of the Abyss.
You worshipped Ignis.
Ignis was extremely pleased with you.
You visited 1 branch of the dungeon, and saw 6 of its levels.
You visited the Abyss 1 time.
You also visited: Sewer.

You collected 334 gold pieces.

Inventory:

Armour
 g - a +1 kite shield
 i - a +1 hat (worn)
Wands
 a - a wand of mindburst (13)
Scrolls
 b - a scroll of magic mapping
 e - a scroll of brand weapon
 f - 2 scrolls of fog
 j - 3 scrolls of fear
 k - a scroll of identify
 m - a scroll of vulnerability {unknown}
 n - 3 scrolls of blinking {unknown}
Potions
 c - 3 potions of haste
 d - a potion of brilliance
 h - 2 potions of heal wounds
 l - 5 potions of curing
 o - a potion of invisibility


   Skills:
 - Level 3.2 Fighting
 + Level 10.1 Unarmed Combat
 - Level 3.0 Spellcasting
 - Level 2.4 Fire Magic


You had 11 spell levels left.
You knew the following spells:

 Your Spells              Type           Power      Damage    Failure   Level
a - Scorch                Fire           20%        2d6       11%         2

Your spell library contained the following spells:

 Spells                   Type           Power      Damage    Failure   Level
 Ensorcelled Hibernation  Hex/Ice        4%         N/A       28%         2
 Passwall                 Tmut/Erth      1%         N/A       28%         2
 Ignite Poison            Fire/Tmut/Pois 5%         N/A       38%         3
 Kindle Blastsparks       Fire/Tloc/Air  10%        2d10      38%         3
 Stone Arrow              Conj/Erth      4%         3d7       50%         3
 Swiftness                Air            2%         N/A       50%         3
 Iskenderun's Mystic Bla  Conj/Tloc      2%         2d3       88%         4
 Freezing Cloud           Conj/Ice/Air   1%         6-21      99%         5
 Dispersal                Tloc           1%         N/A       100%        6


Dungeon Overview and Level Annotations

Branches:
Dungeon (6/15)             Temple (0/1) D:6           Sewer (visited)

Altars:
Ashenzari
Elyvilon
Kikubaaqudgha
Xom
Zin

Annotations:
D:6 exclusion: door


Innate Abilities, Weirdness & Mutations

You can breathe waves of freezing cold which knock back foes.
Your icy white scales are hard. (AC +6)
You cannot fit into any form of body armour.
Your flesh is cold resistant. (rC+)
You are cold-blooded and may be slowed by cold attacks.
You occasionally shout uncontrollably at your foes.


Message History

The bullfrog skeleton hits you.
You hit the bullfrog skeleton.
Your punch misses the bullfrog skeleton.
The bullfrog skeleton is heavily damaged.
The bullfrog skeleton hits you but does no damage.
You barely miss the bullfrog skeleton.
The bullfrog skeleton is heavily damaged.
You hit the orc.
You tail-slap the orc, but do no damage.
The orc is moderately wounded.
You hit the orc but do no damage.
The orc is moderately wounded.
The orc hits you but does no damage.
You are cast into the Abyss!
This branch contains the abyssal rune of Zot.
You have got your breath back.
A lurking horror comes into view.
A white imp comes into view.
The white imp shouts!
The white imp gestures at you. The puff of frost hits you. You resist.
The white imp shouts, "Remove thy stench, thou mangled moon-mazed wormtrail!"
Your body is wracked with pain!
A white imp comes into view.
The white imp shouts!
You enter the shallow water.
Moving in this stuff is going to be slow.
A small abomination comes into view.
The white imp gestures at you. The puff of frost hits you. You resist.
A wretched star comes into view.
The small abomination attacks as you move away!
The small abomination hits you. The white imp completely misses you.
The wretched star glows turbulently.
The lance of force hits you!!
* * * LOW HITPOINT WARNING * * *
You are knocked back by the lance of force.
You collide with the small abomination!
The small abomination is moderately damaged.
You die...

##. #.# ###.. ## .#.#
... ## ## #..# ...#
####.#
#.####..##.#... . .
.# ###~~..##...*.#
.#..#. ...~~~##@..# .
.# .. #.#~~~x5### #..
# . #.~~~..# ## ## ..
#.#~~~##...# .###
#.####.~~##.#... .
####..##..~~~##. #.#
.##.## #.#5.#.~≈# .#
#
##..§...#..#........
....##.....##.......§


You could see a wretched star, a small abomination and 2 white imps.

Vanquished Creatures
  A water moccasin (D:5)
  Pargi (Sewer)
  An ice beast (D:5)
  3 scorpions
  A necrophage (D:4)
  A wyvern zombie (D:6)
  4 jellies (D:6)
  2 centaur zombies (D:6)
  A bullfrog zombie (D:6)
  3 hounds
  Jessica (D:2)
  A centaur skeleton (D:6)
  Natasha (thrice) (D:2)
  An orc wizard (D:5)
  7 gnolls
  9 adders
  A howler monkey skeleton (D:6)
  2 white imps (D:6)
  An ufetubus (D:6)
  2 dart slugs (D:1)
  15 orcs
  2 bats (D:1)
  9 endoplasms
  4 giant cockroaches
  5 goblins
  11 hobgoblins
  9 quokkas
  3 ball pythons (D:3)
  9 frilled lizards
  7 kobolds
  8 rats
128 creatures vanquished.

Vanquished Creatures (others)
  6 fungi (D:6)
  A lurking horror (Abyss:1)
  2 withered plants (D:6)
9 creatures vanquished.

Grand Total: 137 creatures vanquished

Notes
Turn   | Place    | Note
-------+----------+-------------------------------------------
     0 | D:1      | Angani the Draconian Cinder Acolyte began the quest for the
                  | Orb.
     0 | D:1      | Reached XP level 1. HP: 19/19 MP: 2/2
   139 | D:1      | Reached XP level 2. HP: 26/26 MP: 2/4
   162 | D:1      | Found a faded altar of an unknown god.
   533 | D:1      | Reached XP level 3. HP: 29/31 MP: 6/6
   634 | D:1      | Got the Omnibus of Hyperbolic Metal
   895 | D:2      | Noticed Jessica
   900 | D:2      | Noticed Natasha
   904 | D:2      | Killed Jessica
   905 | D:2      | Reached skill level 4 in Unarmed Combat
   948 | D:2      | Killed Natasha
   949 | D:2      | Reached XP level 4. HP: 16/38 MP: 6/8
   953 | D:2      | Noticed Natasha
   969 | D:2      | Killed Natasha
  1129 | D:2      | Learned a level 2 spell: Scorch
  1275 | D:2      | Noticed Natasha
  1295 | D:2      | Reached XP level 5. HP: 26/45 MP: 9/9
  1298 | D:2      | Gained mutation: You occasionally shout uncontrollably at
                  | your foes. [potion of mutation]
  1306 | D:2      | Killed Natasha
  1809 | D:3      | Found a glowing drain.
  1829 | D:3      | Reached skill level 5 in Unarmed Combat
  1838 | Sewer    | Entered a sewer
  1927 | Sewer    | Noticed Pargi
  1945 | Sewer    | Killed Pargi
  1946 | Sewer    | Reached XP level 6. HP: 51/51 MP: 0/10
  2049 | Sewer    | Reached skill level 6 in Unarmed Combat
  2434 | D:3      | Found a white marble altar of Elyvilon.
  2889 | D:4      | Reached skill level 7 in Unarmed Combat
  3264 | D:4      | Your scales start taking on an icy white colour.
  3264 | D:4      | Reached XP level 7. HP: 48/57 MP: 11/11
  3264 | D:4      | Gained mutation: Your flesh is cold resistant. (rC+) [White
                  | Draconian growth]
  3463 | D:5      | Entered Level 5 of the Dungeon
  3574 | D:5      | Found an ancient bone altar of Kikubaaqudgha.
  3802 | D:5      | Reached skill level 8 in Unarmed Combat
  3882 | D:5      | Found a broken altar of Ashenzari.
  3886 | D:5      | Saw a vision of the Swamp and the Spider Nest.
  3886 | D:5      | Noticed a redback
  3886 | D:5      | Noticed a jumping spider
  3886 | D:5      | Noticed a jumping spider
  3886 | D:5      | Noticed an orb spider
  3886 | D:5      | Noticed a wolf spider
  3886 | D:5      | Noticed a jumping spider
  3886 | D:5      | Noticed a culicivora
  3886 | D:5      | Noticed a culicivora
  3886 | D:5      | Noticed a goliath frog
  3886 | D:5      | Noticed a swamp dragon
  3886 | D:5      | Noticed an eleionoma
  3886 | D:5      | Noticed a bunyip
  3887 | D:5      | Noticed a redback
  3888 | D:5      | Noticed a pharaoh ant
  4224 | D:6      | Found a staircase to the Ecumenical Temple.
  4403 | D:6      | Reached skill level 9 in Unarmed Combat
  4516 | D:6      | Reached XP level 8. HP: 36/63 MP: 12/12
  4696 | D:6      | Noticed an angel
  4697 | D:6      | Found a shimmering altar of Xom.
  4699 | D:6      | Found a glowing silver altar of Zin.
  4736 | D:6      | Noticed a slime creature
  4762 | D:6      | Reached skill level 10 in Unarmed Combat
  4883 | Abyss:1  | Cast into level 1 of the Abyss (orc)
  4947 | Abyss:1  | Noticed a wretched star
  4949 | Abyss:1  | Collided with a small abomination

Illustrated notes

Levels and vault maps discovered:
D:1:      lemuel_arrival_cross, layout_loops_cross,
          shapermc_ecumenical_altar_pompeii, minmay_pentomino_v4
D:2:      layout_rooms, minmay_misc_feat_iff, uniq_jessica, uniq_natasha
D:3:      layout_loops_ring, old_standard_altar, portal_sewer_entry_f
D:4:      layout_rooms
D:5:      layout_loops_ring, nicolae_kikubaaqudgha_miasma_corner,
          grunt_ashenzari_visionary [grunt_ashenzari_visionary_swamp,
          grunt_ashenzari_visionary_spider], kennysheep_generic_room_9
D:6:      lemuel_slime, layout_loops_ring, mainiacjoe_overflow_paths,
          grunt_temple_overflow_order_and_chaos_1, minmay_temple_entry_poolview,
          serial_undead, serial_undead_b, serial_undead_f, serial_undead_a,
          serial_undead_c, serial_undead_a, serial_undead_b
Abyss:1:  base:
D:6

Skill      XL: |  1  2  3  4  5  6  7  8 |
---------------+-------------------------+-----
Spellcasting   | 2 3 |  3.0
Unarmed Combat | 4 5 7 9 10 | 10.1
Fire Magic     | 2 |  2.4
Fighting       | |  3.2

Action                   |  1- 3 |  4- 6 |  7- 9 || total
-------------------------+-------+-------+-------++-------
Melee: Unarmed           |   110 |   172 |   137 ||   419
       Tailslap          |    14 |    20 |    23 ||    57
       Punch             |     1 |     5 |     6 ||    12
Throw: Throwing net      |       |     1 |       ||     1
 Cast: Scorch            |       |    15 |       ||    15
Invok: Fiery Armour      |       |     1 |       ||     1
 Abil: Breathe Frost     |       |       |    11 ||    11
  Use: Scroll            |       |    13 |       ||    13
       Potion            |       |     8 |       ||     8
 Stab: Invisible         |       |     1 |       ||     1
Armor: Skin              |    23 |    56 |    53 ||   132
Dodge: Dodged            |    51 |    95 |    61 ||   207

Table legend: (Time is in decaauts)
 A = Elapsed time spent in this place.
 B = Non-inter-level travel time spent in this place.
 C = Inter-level travel time spent in this place.
 D = Time resting spent in this place.
 E = Time spent auto-exploring this place.
 F = Levels seen in this place.
 G = Mean time per level.
                   A        B        C        D        E       F      G
               +--------+--------+--------+--------+--------+-----+--------+
         Total |   4947 |   4827 |    120 |    953 |   2774 |   8 |  618.4 |
       Dungeon |   4565 |   4445 |    120 |    938 |   2596 |   6 |  760.8 |
         Abyss |     66 |     66 |      0 |      0 |      0 |   1 |   66.0 |
         Sewer |    314 |    314 |      0 |     15 |    178 |   1 |  314.0 |
               +--------+--------+--------+--------+--------+-----+--------+

Top non-repeatable levels by time:
     D:1: 896 daAuts
     D:3: 845 daAuts
     D:2: 832 daAuts
     D:5: 735 daAuts
     D:6: 662 daAuts
     D:4: 593 daAuts
   Sewer: 314 daAuts
 Abyss:1: 66 daAuts
